 Dungeon Crawl Stone Soup version 0.29-a0-330-g52719c12eb (webtiles) character file.

Game seed: 16075778742976469428

1247 HoaS the Quickloader (level 8, 0/52 HPs)
             Began as a Kobold Hunter on May 22, 2022.
             Was a Follower of Makhleb.
             Killed from afar by a steam dragon (20 damage)
             ... with a ball of steam
             ... on level 6 of the Dungeon.
             The game lasted 00:10:58 (5611 turns).

HoaS the Quickloader (Kobold Hunter)                Turns: 5611, Time: 00:10:59

Health: 0/52       AC:  3    Str:  8    XL:     8   Next: 79%
Magic:  0/8        EV: 16    Int: 13    God:    Makhleb [*.....]
Gold:   179        SH:  5    Dex: 20    Spells: 7/7 levels left

rFire   . . .      SeeInvis .   d - +5 hand crossbow of the Coin {penet, rC+ Int+2}
rCold   + + .      Faith    .   a - +0 buckler
rNeg    + . .      Spirit   +   b - +0 leather armour
rPois   .          Reflect  .   o - +1 helmet
rElec   .          Harm     .   (no cloak)
rCorr   .          Rampage  .   l - +1 pair of gloves
Will    .....                   (no boots)
Stlth   +++.......              k - amulet of guardian spirit
HPRegen 0.17/turn               f - ring of positive energy
MPRegen 0.11/turn               i - ring of protection from cold

@: corroded
A: small, no large weapons, nightstalker 3
a: Renounce Religion


You were on level 6 of the Dungeon.
You worshipped Makhleb.
Makhleb was aware of your devotion.
You visited 2 branches of the dungeon, and saw 7 of its levels.

You collected 263 gold pieces.
You spent 84 gold pieces at shops.

Inventory:

Hand Weapons
 d - the +5 hand crossbow of the Coin (weapon) {penet, rC+ Int+2}
   (You acquired it on level 2 of the Dungeon)

   Any ammunition fired by it passes through the targets it hits, potentially
   hitting all targets in its path until it reaches maximum range.
   Int:       It affects your intelligence (+2).
   rC:        It protects you from cold.
Armour
 a - a +0 buckler (worn)
 b - a +0 leather armour (worn)
 j - +0 shadow dragon scales
 l - a +1 pair of gloves (worn)
 o - a +1 helmet (worn)
Jewellery
 f - a ring of positive energy (left hand)
 i - a ring of protection from cold (right hand)
 k - an amulet of guardian spirit (around neck)
Wands
 u - a wand of polymorph (5)
Scrolls
 c - a scroll of immolation
 m - 7 scrolls of teleportation
 s - 3 scrolls of vulnerability {unknown}
Potions
 e - 3 potions of curing
 g - 3 potions of flight
 h - 2 potions of might
 n - a potion of mutation {unknown}
 p - a potion of brilliance {unknown}
 q - 2 potions of attraction {unknown}
 r - a potion of berserk rage {unknown}
 t - a potion of haste {unknown}


   Skills:
 * Level 6.9 Fighting
 - Level 10.0 Crossbows
 + Level 5.5 Dodging
 - Level 3.0 Stealth


You had 7 spell levels left.
You didn't know any spells.
Your spell library contained the following spells:

 Spells                   Type           Power      Damage    Failure   Level
 Gell's Gravitas          Tloc           0%         N/A       91%         3
 Inner Flame              Hex/Fire       0%         N/A       91%         3
 Lesser Beckoning         Tloc           0%         N/A       91%         3
 Stone Arrow              Conj/Erth      0%         3d7       91%         3
 Teleport Other           Tloc           0%         N/A       91%         3
 Animate Armour           Summ/Erth      0%         N/A       100%        4
 Cause Fear               Hex            0%         N/A       100%        4
 Dispersal                Tloc           0%         N/A       100%        6
 Discord                  Hex            0%         N/A       100%        8
 Lehudib's Crystal Spear  Conj/Erth      0%         10d2      100%        8


Dungeon Overview and Level Annotations

Branches:
Dungeon (6/15)             Temple (1/1) D:4

Altars:
Ashenzari
Dithmenos
Elyvilon
Fedhas
Gozag
Hepliaklqana
Makhleb
Nemelex Xobeh
Okawaru
Qazlal
Ru
Sif Muna
Trog
Vehumet
Wu Jian
Xom
Yredelemnul
Zin

Shops:
D:3 ?

Annotations:
D:6 Sigmund


Innate Abilities, Weirdness & Mutations

You are small and have problems with some larger weapons.
You are completely attuned to the shadows.


Message History

The steam dragon is heavily wounded.
The steam dragon breathes steam at you. The ball of steam misses you.
The jelly completely misses you.
Shoot: d) +5 hand crossbow of the Coin {penet, rC+ Int+2}
Press: ? - help, Q - select action, (/) - cycle Shift-Dir - straight line, f/p - steam dragon
Aim: a steam dragon (heavily wounded, 74% to hit)
You shoot a bolt.
The bolt pierces through the steam dragon but does no damage.
The steam dragon is heavily wounded.
You are engulfed in a cloud of scalding steam.
The steam dragon breathes steam at you. The ball of steam misses you.
The jelly barely misses you. The jelly attacks as you move away!
You block the jelly's attack.
Shoot: d) +5 hand crossbow of the Coin {penet, rC+ Int+2}
Press: ? - help, Q - select action, (/) - cycle Shift-Dir - straight line, f/p - steam dragon
Aim: a steam dragon (steam, heavily wounded, 74% to hit)
You shoot a bolt.
The bolt barely misses the steam dragon.
The steam dragon bites you but does no damage.
The steam dragon barely misses you. The jelly completely misses you.
Shoot: d) +5 hand crossbow of the Coin {penet, rC+ Int+2}
Press: ? - help, Q - select action, (/) - cycle Shift-Dir - straight line, f/p - steam dragon
Aim: a steam dragon (heavily wounded, 74% to hit)
You shoot a bolt.
The bolt pierces through the steam dragon.
The steam dragon is heavily wounded.
The jelly barely misses you. The steam dragon misses you.
The steam dragon claws you.
Sigmund the Dreaded comes into view.
He is wielding a +0 scythe.
You block the steam dragon's attack. The steam dragon claws you.
The jelly hits you but does no damage.
Shoot: d) +5 hand crossbow of the Coin {penet, rC+ Int+2}
Press: ? - help, Q - select action, (/) - cycle Shift-Dir - straight line, f/p - steam dragon
Aim: a steam dragon (heavily wounded, 74% to hit)
You shoot a bolt.
The bolt pierces through the steam dragon.
The steam dragon is severely wounded.
The steam dragon breathes steam at you. The ball of steam hits you!!
You die...

.....# .....##
...{..## #oh...#
#...# ###@..#
##o....#
########Jh....#
##...##.@D##.).#
##.......########
##..#######
##..## ##..##
##..## #..##
#.<†#### ###.....


You could see a steam dragon (catching breath), a black bear, Sigmund, a jelly
and an orc.

Vanquished Creatures
  Prince Ribbit (D:5)
  3 ogres
  2 phantoms
  A bullfrog (D:6)
  2 scorpions (D:5)
  A hound (D:4)
  A jelly (D:4)
  A gnoll shaman (D:5)
  2 orc priests (D:6)
  An iguana (D:6)
  7 gnolls
  11 adders
  A white imp (D:6)
  2 worms (D:2)
  5 dart slugs
  8 orcs
  6 bats
  4 endoplasms
  9 giant cockroaches
  5 goblins
  5 hobgoblins
  8 jackals
  A quokka (D:3)
  8 ball pythons
  6 frilled lizards
  21 kobolds
  6 rats
128 creatures vanquished.

Vanquished Creatures (others)
  A shadow imp (D:6)
1 creature vanquished.

Grand Total: 129 creatures vanquished

Notes
Turn   | Place    | Note
-------+----------+-------------------------------------------
     0 | D:1      | HoaS the Kobold Hunter began the quest for the Orb.
     0 | D:1      | Reached XP level 1. HP: 12/12 MP: 1/1
   112 | D:1      | Reached XP level 2. HP: 17/17 MP: 2/2
   157 | D:1      | Reached skill level 6 in Crossbows
   441 | D:1      | Reached XP level 3. HP: 21/21 MP: 3/3
   864 | D:2      | Reached skill level 7 in Crossbows
   864 | D:2      | Reached XP level 4. HP: 26/26 MP: 4/4
   864 | D:2      | Identified a scroll of acquirement
   864 | D:2      | Acquired the +5 hand crossbow of the Coin {penet, rC+
                  | Int+2}
  1507 | D:3      | Reached XP level 5. HP: 23/30 MP: 5/5
  1509 | D:3      | Reached skill level 8 in Crossbows
  1736 | D:3      | Found a radiant altar of Vehumet.
  1948 | D:3      | Noticed an ogre
  2106 | D:3      | Found a sparkling altar of Nemelex Xobeh.
  2126 | D:3      | Found Ecorghud's Magic Scroll Shop.
  2136 | D:3      | Bought a scroll of teleportation for 42 gold pieces
  2136 | D:3      | Bought a scroll of teleportation for 42 gold pieces
  2216 | D:3      | Found a faded altar of an unknown god.
  2500 | D:4      | Found a staircase to the Ecumenical Temple.
  2506 | Temple   | Entered the Ecumenical Temple
  2678 | Temple   | Became a worshipper of Makhleb the Destroyer
  2878 | D:4      | Reached XP level 6. HP: 31/35 MP: 6/6
  3047 | D:4      | Reached skill level 9 in Crossbows
  3517 | D:4      | Reached skill level 10 in Crossbows
  3536 | D:4      | Reached * piety under Makhleb
  3567 | D:4      | Noticed an ogre
  3572 | D:4      | Reached XP level 7. HP: 40/40 MP: 7/7
  3800 | D:5      | Entered Level 5 of the Dungeon
  4325 | D:5      | Noticed Prince Ribbit
  4334 | D:5      | Killed Prince Ribbit
  4335 | D:5      | Reached skill level 5 in Fighting
  4335 | D:5      | Reached XP level 8. HP: 50/50 MP: 8/8
  4739 | D:5      | Found a sacrificial altar of Ru.
  4810 | D:5      | You fall into a shaft and drop 1 floor!
  4825 | D:6      | Reached skill level 5 in Dodging
  5610 | D:6      | Noticed Sigmund
  5611 | D:6      | Killed from afar by a steam dragon

Illustrated notes

Levels and vault maps discovered:
D:1:      wander_arrival_lonely_grave, layout_loops_ring, roderic_roman_lattice
D:2:      layout_rooms
D:3:      layout_rooms, nicolae_overflow_crystal_walls, nemelex_altar_shiori,
          serial_shops, nicolae_shop_stone, shapermc_ecumenical_altar_ellora
D:4:      layout_basic, minmay_temple_entry_statues_pillars,
          gup_sewer_entry_glass, hex_intersection, kennysheep_generic_room_8
D:5:      layout_layer_cave, hangedman_ru_absence, uniq_prince_ribbit1
D:6:      layout_layer_cave, uniq_sigmund, uniq_menkaure
Temple:   regret_index_temple_waves

Skill      XL: |  1  2  3  4  5  6  7  8 |
---------------+-------------------------+-----
Crossbows      | 6 7 8 10 | 10.0
Fighting       | 5 6 |  6.9
Dodging        | 4 5 |  5.5
Stealth        | 3 |  3.0

Action                   |  1- 3 |  4- 6 |  7- 9 || total
-------------------------+-------+-------+-------++-------
 Fire: Hand crossbow     |    86 |   161 |    99 ||   346
  Use: Scroll            |       |    11 |     2 ||    13
Armor: Leather armour    |     4 |     9 |    10 ||    23
Dodge: Dodged            |    32 |    49 |    44 ||   125
Block: Buckler           |       |    13 |    11 ||    24

Table legend: (Time is in decaauts)
 A = Elapsed time spent in this place.
 B = Non-inter-level travel time spent in this place.
 C = Inter-level travel time spent in this place.
 D = Time resting spent in this place.
 E = Time spent auto-exploring this place.
 F = Levels seen in this place.
 G = Mean time per level.
                   A        B        C        D        E       F      G
               +--------+--------+--------+--------+--------+-----+--------+
         Total |   5684 |   5367 |    317 |    527 |   4088 |   7 |  812.0 |
       Dungeon |   5493 |   5207 |    286 |    527 |   3944 |   6 |  915.5 |
        Temple |    191 |    161 |     30 |      0 |    144 |   1 |  191.0 |
               +--------+--------+--------+--------+--------+-----+--------+

Top non-repeatable levels by time:
     D:5: 1499 daAuts
     D:4: 1125 daAuts
     D:3: 880 daAuts
     D:1: 876 daAuts
     D:2: 788 daAuts
     D:6: 322 daAuts
  Temple: 191 daAuts
